Map: 2000 Atmospheres LE

Players

Hellraiser - Winner!

  • Race: Protoss Protoss

milkicow

  • Race: Terran Terran

Event: DreamHack SC2 Masters 2021 Fall

VOD

Have the link to the VOD?

Description

Time

  • Played on: July 29, 2021, 11:18 a.m.
  • Length: 14:42

All games in this series

Show
View Real Time Build Order
Export as new Build Order

Hellraiser Protoss - Winner!

Build Orders: Oracle Opening 

Get SALT Encoding   

  12  0:00  Probe  
  13  0:12  Probe  
  14  0:17  Pylon  
  14  0:24  Probe (Chrono Boost)  
  16  0:37  Probe (Chrono Boost)  
  16  0:38  Gateway  
  16  0:42  Probe (Chrono Boost)  
  16  0:47  Assimilator  
  17  0:52  Probe  
  18  1:01  Pylon  
  18  1:04  Probe  
  19  1:16  Probe  
  20  1:23  Zealot (Chrono Boost)  
  22  1:25  Cybernetics Core  
  22  1:33  Probe  
  22  1:36  Pylon  
  23  1:47  Probe  
  26  2:03  Adept (Chrono Boost)  
  26  2:15  Nexus  
  26  2:22  Stargate  
  26  2:23  Probe  
  27  2:30  Assimilator  
  27  2:34  Adept  
  27  2:37  Probe  
  30  2:47  Pylon  
  30  2:49  Probe  
  29  3:01  Probe  
  30  3:09  Oracle (Chrono Boost)  
  33  3:13  Probe  
  32  3:24  Shield Battery  
  32  3:25  Probe  
  34  3:27  Probe  
  34  3:37  Probe  
  34  3:39  Oracle (Chrono Boost), Probe  
  39  3:48  Shield Battery  
  39  3:49  Probe  
  39  3:51  Probe  
  41  4:01  Probe  
  42  4:03  Probe  
  42  4:05  Warp Gate  
  43  4:13  Probe (Chrono Boost)  
  43  4:15  Probe (Chrono Boost)  
  45  4:19  Nexus  
  42  4:25  Pylon  
  42  4:26  Oracle (Chrono Boost)  
  42  4:27  Probe (Chrono Boost)  
  47  4:31  Probe (Chrono Boost)  
  47  4:35  Probe (Chrono Boost)  
  48  4:38  Probe (Chrono Boost)  
  48  4:41  Probe  
  48  4:44  Gateway  
  48  4:45  Gateway  
  49  4:50  Probe  
  50  4:54  Probe  
  50  4:55  Twilight Council  
  50  4:57  Forge  
  51  5:02  Probe  
  51  5:06  Probe  
  53  5:11  Pylon  
  53  5:13  Assimilator  
  54  5:14  Protoss Ground Weapons Level 1 (Chrono Boost), Probe  
  54  5:18  Probe  
  57  5:26  Blink (Chrono Boost), Probe  
  58  5:30  Probe  
  57  5:36  Probe  
  57  5:38  Probe  
  59  5:43  Shield Battery, Probe  
  59  5:47  Shield Battery  
  59  5:48  Probe  
  61  5:50  Photon Cannon, Probe  
  61  5:53  Stalker x3  
  61  5:56  Probe  
  69  6:00  Probe  
  69  6:02  Probe  
  71  6:08  Probe  
  72  6:12  Probe  
  72  6:14  Probe  
  72  6:16  Stalker x3  
  80  6:21  Forge  
  80  6:22  Probe  
  80  6:23  Pylon  
  80  6:24  Probe  
  82  6:26  Photon Cannon  
  82  6:32  Pylon  
  82  6:34  Robotics Facility  
  82  6:36  Assimilator  
  82  6:38  Probe x2  
  84  6:44  Stalker x3  
  90  6:48  Probe  
  90  6:49  Assimilator  
  90  6:50  Probe  
  90  6:53  Probe  
  93  6:54  Protoss Ground Armor Level 1 (Chrono Boost)  
  93  7:01  Photon Cannon  
  93  7:10  Probe  
  93  7:12  Probe  
  93  7:15  Probe  
  96  7:22  Probe  
  97  7:25  Probe  
  97  7:27  Charge, Probe  
  95  7:33  Zealot x3  
  95  7:35  Gateway  
  101  7:38  Protoss Ground Weapons Level 2 (Chrono Boost)  
  101  7:39  Gateway  
  101  7:42  Gateway  
  98  7:44  Gateway  
  98  7:45  Nexus  
  98  7:49  Gateway  
  98  7:51  Templar Archives  
  98  8:00  Pylon  
  98  8:02  Pylon  
  98  8:06  Pylon  
  98  8:13  Assimilator  
  98  8:19  Sentry x2, Zealot, Immortal  
  108  8:21  Probe x3  
  108  8:25  Shield Battery  
  111  8:27  Photon Cannon  
  111  8:33  Probe  
  112  8:34  High Templar x2  
  112  8:35  Probe  
  112  8:38  Probe  
  112  8:39  Pylon  
  118  8:43  Pylon  
  118  8:44  Archon  
  118  8:45  Probe  
  118  8:47  Probe  
  118  8:48  Zealot x2  
  124  8:53  Pylon  
  124  8:54  Pylon, Probe  
  124  8:55  Pylon  
  125  8:57  Pylon, Zealot x4, Probe  
  133  9:05  Nexus  
  133  9:07  Protoss Ground Armor Level 2 (Chrono Boost)  
  133  9:10  Phoenix  
  133  9:15  Probe x2  
  137  9:19  Immortal (Chrono Boost)  
  137  9:22  High Templar x2  
  137  9:23  Probe, Robotics Bay  
  146  9:27  Shield Battery  
  146  9:29  Archon  
  146  9:35  High Templar x2, Zealot x4  
  158  9:44  Archon  
  158  9:51  Immortal (Chrono Boost)  
  156  9:55  Zealot x6  
  172  10:05  Probe  
  163  10:09  Probe  
  163  10:11  Extended Thermal Lance (Chrono Boost)  
  163  10:13  Protoss Ground Weapons Level 3 (Chrono Boost)  
  156  10:23  Colossus (Chrono Boost)  
  160  10:34  Nexus  
  160  10:41  High Templar x2  
  160  10:42  Zealot x6  
  176  10:45  Assimilator, Archon  
  176  10:53  Photon Cannon  
  176  10:54  Assimilator  
  176  10:55  Pylon, Photon Cannon  
  176  10:56  Pylon x2  
  176  11:01  Pylon  
  172  11:07  Colossus (Chrono Boost)  
  167  11:12  Zealot x6  
  167  11:14  Zealot x2  
  167  11:17  Dark Shrine  
  186  11:22  Protoss Ground Armor Level 3 (Chrono Boost)  
  186  11:24  Photon Cannon  
  186  11:32  Zealot x6  
  196  11:47  Probe  
  197  11:56  Zealot, Stalker x6  
  199  12:15  Gateway  
  199  12:19  Pylon  
  199  12:21  Gateway  
  197  12:28  Zealot  
  198  12:36  Stalker x6  
  200  12:37  Shadow Stride (Chrono Boost)  
  200  12:43  Probe  
  193  12:46  Zealot  
  193  12:50  Nexus, Probe  
  184  12:59  Nexus  
  184  13:05  Zealot x7  
  194  13:07  Observer (Chrono Boost)  
  194  13:12  Gateway  
  197  13:20  Observer (Chrono Boost)  
  197  13:24  Nexus  
  197  13:26  Pylon  
  192  13:34  Zealot x4  
  194  13:46  Colossus (Chrono Boost)  
  194  13:47  Probe  
  183  13:48  Stalker  
  183  13:49  Stalker x3  
  183  13:54  Probe x2  
  189  13:56  Pylon  
  189  14:02  Probe  
  174  14:12  Dark Templar x9  
  174  14:15  Shield Battery  
  174  14:16  Photon Cannon  
  192  14:18  Probe x3  
Show
View Real Time Build Order
Export as new Build Order

milkicow Terran 

Build Orders:  

Get SALT Encoding   

  12  0:00  SCV  
  13  0:12  SCV  
  14  0:17  Supply Depot  
  14  0:24  SCV  
  15  0:39  SCV, Barracks  
  16  0:46  Refinery  
  16  0:52  SCV  
  17  0:57  Refinery  
  17  1:04  SCV  
  18  1:16  SCV  
  19  1:26  Reaper  
  19  1:28  Orbital Command  
  19  1:31  Supply Depot  
  20  1:45  Factory  
  20  1:57  SCV  
  20  1:59  Reaper  
  22  2:09  SCV  
  23  2:24  SCV  
  23  2:25  Bunker  
  24  2:30  Factory Reactor  
  24  2:33  Reaper  
  24  2:36  SCV  
  26  2:45  Command Center  
  26  2:49  SCV  
  27  2:57  Starport  
  27  3:01  SCV  
  27  3:09  Hellion  
  29  3:16  SCV  
  29  3:21  Hellion  
  29  3:24  Supply Depot  
  31  3:29  SCV  
  31  3:32  Hellion  
  34  3:42  SCV, Hellion  
  36  3:56  SCV  
  36  4:01  Viking  
  37  4:08  SCV  
  38  4:14  Factory Tech Lab  
  37  4:20  SCV  
  32  4:28  Orbital Command  
  32  4:32  SCV  
  31  4:38  Viking  
  31  4:39  Cyclone  
  31  4:44  SCV  
  37  4:46  Command Center  
  37  4:47  Marine x2  
  39  4:55  SCV  
  39  4:58  SCV  
  41  5:05  Marine x2  
  43  5:07  SCV  
  43  5:10  SCV  
  45  5:15  Siege Tank  
  45  5:16  Barracks x2  
  45  5:19  SCV  
  49  5:23  Marine, SCV  
  49  5:25  Bunker  
  48  5:31  SCV  
  48  5:35  SCV, Starport Tech Lab  
  50  5:37  Marine  
  50  5:41  Marine  
  52  5:42  Engineering Bay  
  52  5:43  SCV  
  52  5:46  Supply Depot  
  52  5:47  SCV  
  54  5:51  Siege Tank  
  54  5:55  SCV  
  58  5:59  Refinery, SCV, Orbital Command  
  59  6:07  SCV, Starport Reactor  
  59  6:10  Terran Infantry Weapons Level 1  
  61  6:11  SCV  
  61  6:16  Marine, Stimpack  
  61  6:18  Refinery, Marine  
  62  6:20  SCV  
  62  6:21  Marine  
  62  6:23  SCV  
  66  6:28  Marine  
  66  6:31  Combat Shield  
  67  6:34  Marine  
  67  6:35  Barracks  
  67  6:36  Barracks  
  67  6:38  SCV x2  
  67  6:39  SCV  
  71  6:42  Missile Turret  
  71  6:46  Medivac  
  73  6:50  Marine x3  
  73  6:51  Factory Reactor  
  73  6:52  Marine, SCV, Orbital Command  
  78  6:55  SCV  
  78  6:57  Medivac  
  81  7:02  Supply Depot  
  81  7:04  SCV  
  81  7:07  SCV  
  82  7:08  Supply Depot  
  82  7:09  Marine, Marauder  
  85  7:23  Marine, SCV x2, Marauder  
  85  7:27  Marine x2  
  89  7:31  Marine, Marauder  
  89  7:32  Orbital Command  
  89  7:35  SCV x2  
  85  7:41  Marine  
  86  7:44  Marauder  
  86  7:45  Marine  
  86  7:47  Widow Mine, Medivac, SCV x2  
  95  7:52  Marauder  
  95  7:53  Widow Mine, Medivac  
  95  7:57  SCV  
  101  8:03  Supply Depot  
  101  8:04  Supply Depot  
  101  8:05  Terran Infantry Armor Level 1, SCV x2  
  103  8:06  Marauder  
  103  8:07  Marine  
  103  8:09  SCV  
  103  8:10  Barracks Reactor, Barracks Tech Lab  
  107  8:14  Marauder  
  107  8:19  Supply Depot  
  109  8:20  SCV x2  
  109  8:22  Supply Depot, Medivac  
  109  8:23  Widow Mine  
  109  8:24  SCV  
  109  8:25  Marine  
  115  8:27  Marauder  
  115  8:32  SCV x2  
  117  8:34  Supply Depot  
  117  8:35  Supply Depot  
  117  8:36  Marine, Marauder  
  122  8:41  Marauder  
  122  8:43  Marine  
  122  8:44  Supply Depot  
  122  8:46  Widow Mine x2  
  122  8:48  SCV  
  128  8:49  SCV  
  128  8:54  Marine  
  128  8:55  Marauder  
  132  8:57  Marine  
  132  8:58  Marine, Marauder  
  132  9:00  SCV  
  132  9:02  SCV  
  135  9:03  Medivac x2  
  135  9:07  Bunker  
  140  9:10  Widow Mine x2  
  140  9:12  Armory  
  140  9:15  Engineering Bay  
  140  9:16  SCV  
  141  9:17  Refinery  
  141  9:18  Marine  
  141  9:19  Refinery  
  141  9:22  Marine  
  141  9:23  Marauder  
  145  9:26  Marine  
  145  9:27  SCV, Marauder  
  151  9:31  Widow Mine  
  151  9:32  Marine, Marauder  
  151  9:33  Widow Mine  
  151  9:36  Marine  
  151  9:38  SCV  
  158  9:44  Marauder  
  158  9:47  SCV  
  158  9:48  Command Center  
  158  9:50  Marine  
  158  9:51  SCV, Marauder  
  163  9:58  Marauder  
  163  9:59  SCV  
  166  10:00  Terran Infantry Armor Level 2, Terran Infantry Weapons Level 2  
  166  10:06  Marine, Marauder  
  166  10:07  SCV, Widow Mine  
  156  10:09  Marine  
  156  10:12  Widow Mine, Marauder  
  155  10:14  Marine, Ghost Academy  
  155  10:16  SCV  
  155  10:19  Marauder  
  158  10:23  Viking x2  
  158  10:27  Marine  
  158  10:28  Marauder  
  165  10:36  Widow Mine  
  165  10:41  Marine x2, Marauder x2  
  165  10:42  Widow Mine  
  171  10:44  Enhanced Shockwaves, Barracks  
  171  10:48  Barracks  
  171  10:53  SCV x2  
  171  10:57  Supply Depot x2  
  173  10:59  Ghost  
  173  11:00  Marine x2, SCV  
  178  11:08  Marine, Marauder  
  178  11:10  SCV  
  173  11:11  Ghost  
  173  11:14  SCV x2  
  173  11:17  Marine  
  178  11:19  Viking  
  176  11:25  Starport  
  176  11:27  Marine  
  176  11:28  Marauder  
  176  11:29  Marine  
  176  11:30  Marauder  
  183  11:32  SCV  
  183  11:36  Barracks Tech Lab x2  
  183  11:38  Marine, Planetary Fortress  
  184  11:40  SCV, Marauder  
  182  11:51  Marauder  
  180  11:55  Marine  
  180  11:56  Marine, Marauder x2  
  180  11:59  SCV  
  180  12:00  SCV, Marauder  
  184  12:05  Marauder  
  177  12:22  SCV  
  170  12:31  Supply Depot  
  170  12:32  Supply Depot  
  168  12:44  Marine x2, Viking x2, Marauder x4  
  163  12:46  Marine, Marauder  
  163  12:47  Marine  
  163  12:51  SCV  
  172  12:55  Command Center  
  168  13:01  Marine, Medivac  
  168  13:02  Marine  
  168  13:04  Marine, Refinery x2  
  168  13:05  Fusion Core, Marauder x2, Missile Turret  
  177  13:06  Marauder x2, Missile Turret  
  177  13:07  Marauder  
  181  13:16  Marine, SCV x2  
  181  13:19  Marine  
  183  13:20  Refinery  
  183  13:22  Marine, Command Center  
  183  13:27  Marauder x4  
  184  13:30  Missile Turret  
  181  13:38  Marine, Marauder  
  179  13:46  Marine  
  179  13:47  Ghost  
  179  13:48  Marauder x2, Ghost  
  168  13:49  Marine  
  168  13:50  SCV  
  168  13:55  Marine  
  158  13:58  Liberator x3  
  158  13:59  SCV  
  158  14:00  Marauder  
  158  14:01  SCV  
  169  14:07  Marine  
  169  14:09  Marauder  
  173  14:10  Marauder  
  173  14:13  Marine  
  173  14:16  Factory Tech Lab  
  181  14:17  Marauder x2  
  181  14:27  Command Center  
  183  14:35  Refinery  
  183  14:37  Refinery  

Tags
 
Add a new tag
Caveats
  • Supply blocks, unpowered buildings, or Contaminate may cause inaccurate times.
  • Supply counts are checked every 10 seconds.